AoeStats
← The Potato King

Lombardia

509454473Analyzed
2v2 RM · 7d ago on Sep 26, 2026· 46m 5s· 4 players
Game mode
Random Map
Map size
Medium (4 player)
Population
200
Speed
Normal
Resources
Standard
Victory
Conquest
Starting age
Dark Age
Ending age
Imperial Age
RankedLock teamsTeams togetherTeam positionsShared explorationLock speedFull tech treeHidden civsTurbo modeCheats
Victory
Defeat
🇩🇪 Koreans · Germany
1299
+13
🇬🇧 Franks · United Kingdom
1234
+16
🇩🇪 Sicilians · Germany
1237
-15
🇩🇪 Varangians · Germany
1216
-14
opus DEPPUS
6:56 Loom
9:46 Feudal Age
10:36 Double-Bit Axe
10:34 Horse Collar
19:29 Scale Barding Armor
23:02 Castle Age
23:06 Fletching
23:30 Bloodlines
24:10 Bodkin Arrow
24:33 Husbandry
25:28 Gold Mining
25:49 Bow Saw
29:01 Wheelbarrow
32:50 Ballistics
33:20 Town Watch
34:59 Padded Archer Armor
38:23 Imperial Age
37:18 Leather Archer Armor
39:26 Heavy Plow
39:03 Heavy Mounted Crossbowman
39:04 Cranequins
39:53 Bracer
40:56 Chemistry
Schlensen
6:41 Loom
9:14 Feudal Age
9:55 Double-Bit Axe
10:48 Horse Collar
12:02 Bloodlines
16:01 Scale Barding Armor
21:27 Castle Age
20:15 Gold Mining
20:41 Forging
21:15 Stone Mining
22:37 Chain Barding Armor
22:20 Husbandry
28:30 Wheelbarrow
31:56 Vendel Legacy
33:31 Bow Saw
34:37 Iron Casting
36:50 Heavy Plow
37:18 Hand Cart
37:19 Fletching
41:32 Imperial Age
38:48 Town Watch
39:01 Bodkin Arrow
43:33 Plate Barding Armor
44:41 Blast Furnace
43:04 Cavalier
44:08 Conscription
44:37 Cavalier
46:23 Bracer
46:27 Town Patrol
MZTK / Dampflok
6:18 Loom
9:09 Feudal Age
17:59 Castle Age
16:45 Scale Mail Armor
16:36 Double-Bit Axe
16:36 Horse Collar
17:23 Scale Mail Armor
17:46 Arson
19:04 Bow Saw
20:20 Town Watch
20:41 Squires
24:30 Fletching
25:58 Wheelbarrow
25:45 Gold Mining
26:55 Bodkin Arrow
28:10 Hand Cart
29:22 Stone Mining
31:01 Ballistics
32:45 Gold Shaft Mining
35:25 Imperial Age
35:11 Thumb Ring
36:20 Bracer
37:25 Chemistry
36:52 Conscription
39:11 Eupseong
39:28 Chain Mail Armor
40:40 Plate Mail Armor
40:21 Forging
41:14 Siege Engineers
40:49 Pikeman
42:49 Heavy Plow
43:09 Halberdier
44:03 Arrowslits
44:00 Elite Skirmisher
45:20 Iron Casting
45:08 Elite War Wagon
The Potato King
3:11 Loom
10:50 Feudal Age
11:22 Double-Bit Axe
15:37 Scale Barding Armor
15:43 Forging
15:54 Scale Mail Armor
21:11 Castle Age
20:31 Gold Mining
21:28 Scale Barding Armor
27:15 Bow Saw
27:43 Wheelbarrow
29:02 Husbandry
30:31 Gold Shaft Mining
30:03 Padded Archer Armor
29:53 Fletching
30:39 Ordonnance Companies
32:20 Bodkin Arrow
33:59 Ballistics
36:35 Leather Archer Armor
40:49 Imperial Age
40:58 Heavy Mounted Crossbowman
43:00 Chemistry
41:26 Cavalier
42:17 Cranequins
44:22 Chain Barding Armor
44:37 Iron Casting
45:24 Paladin
46:40 Plate Barding Armor
46:55 Hand Cart
Connection lost

Rejoining the realm…

Still unreachable

The connection could not be restored.

Session expired

The server has moved on; the page needs a fresh start.